 Dungeon Crawl Stone Soup version 0.30.1-3-gfc49f6343a (webtiles) character file.

Game seed: 17161658568198885714

58 shmup the Firebug (level 4, -1/24 HPs)
             Began as a Tengu Fire Elementalist on Aug 3, 2023.
             Slain by Terence
             ... wielding a +0 morningstar
              (6 damage)
             ... on level 2 of the Dungeon.
             The game lasted 00:03:08 (2053 turns).

shmup the Firebug (Tengu Fire Elementalist)         Turns: 2053, Time: 00:03:08

Health: -1/24      AC:  2    Str:  8    XL:     4   Next: 1%
Magic:  0/8        EV: 12    Int: 18    God:
Gold:   31         SH:  0    Dex: 14    Spells: 4/7 levels left

rFire   . . .        a - +0 short sword (flame)
rCold   . . .        (no shield)
rNeg    . . .        f - +0 robe
rPois   .            (helmet restricted)
rElec   .            (no cloak)
rCorr   .            (no gloves)
SInv    .            (boots unavailable)
Will    +....        (no amulet)
Stlth   ++           p - ring of willpower
HPRegen 0.24/turn    (no ring)
MPRegen 0.11/turn

%: no passive effects
@: no status effects
A: beak, talons 3
a: no special abilities


You were on level 2 of the Dungeon.
You visited 1 branch of the dungeon, and saw 2 of its levels.

You collected 70 gold pieces.
You spent 39 gold pieces at shops.

Inventory:

Hand Weapons
 a - a +0 short sword of flaming (weapon)
 b - a +1 dagger of venom
Missiles
 e - 28 stones (quivered)
Armour
 f - a +0 robe (worn)
Jewellery
 p - a ring of willpower (left hand)
Scrolls
 c - 2 scrolls of poison {unknown}
 g - a scroll of teleportation {unknown}
 l - a scroll of vulnerability {unknown}
 m - a scroll of brand weapon {unknown}
 n - a scroll of enchant armour {unknown}
Potions
 d - a potion of heal wounds {unknown}
 h - 5 potions of curing
 i - a potion of cancellation {unknown}
 j - 2 potions of mutation {unknown}
 k - a potion of magic
 o - a potion of might {unknown}


   Skills:
 - Level 2.1 Dodging
 - Level 2.0 Stealth
 - Level 2.0 Spellcasting
 + Level 3.0 Conjurations
 * Level 4.6 Fire Magic


You had 4 spell levels left.
You knew the following spells:

 Your Spells              Type           Power      Damage    Failure   Level
a - Foxfire               Conj/Fire      60%        2x1d7     3%          1
b - Scorch                Fire           36%        2d7       4%          2

Your spell library contained the following spells:

 Spells                   Type           Power      Damage    Failure   Level
 Shock                    Conj/Air       28%        1d4       10%         1
 Inner Flame              Hex/Fire       10%        N/A       21%         3
 Volatile Blastmotes      Fire/Tloc      20%        2d11      21%         3
 Cigotuvi's Dreadful Rot  Necr/Pois/Air  2%         N/A       26%         2
 Ignite Poison            Fire/Tmut/Pois 7%         N/A       28%         3
 Flame Wave               Conj/Fire      15%        2d7       36%         4
 Swiftness                Air            1%         N/A       47%         3
 Airstrike                Air            0%         2d(1-17)  87%         4
 Freezing Cloud           Conj/Ice/Air   2%         6-21      97%         5


Dungeon Overview and Level Annotations

Branches:
Dungeon (2/15) Zot: 9946

Altars:

Shops:
D:2 !

Annotations:
D:2 1 runed translucent door, Crazy Yiuf, Terence


Innate Abilities, Weirdness & Mutations

You have a beak for a mouth.
You have claws for feet.


Message History

The foxfire hits Terence but does no damage.
Terence is lightly wounded.
There is an open door, spattered with blood here.
As you close the door, it creaks loudly!
Terence opens the door.
Casting: Foxfire (safe; 3% risk of failure)
Confirm with . or Enter, or press ? or * to list all spells.
You can't see any susceptible monsters within range! (Use Z to cast anyway.)
Casting: Foxfire (safe; 3% risk of failure)
Confirm with . or Enter, or press ? or * to list all spells.
Flames lash Terence.
Terence resists.
Terence is moderately wounded.
Terence's fire resistance burns away.
Casting: Scorch (safe; 4% risk of failure)
Confirm with . or Enter, or press ? or * to list all spells.
Flames lash Terence.
Terence is heavily wounded.
Terence bares his teeth.
Terence completely misses you.
Casting: Scorch (safe; 4% risk of failure)
Confirm with . or Enter, or press ? or * to list all spells.
Flames lash Terence.
Terence is heavily wounded.
Terence hits you with a +0 morningstar!
Ouch! That really hurt!
* * * LOW HITPOINT WARNING * * *
Unknown command.
Casting: Scorch (safe; 4% risk of failure)
Confirm with . or Enter, or press ? or * to list all spells.
Flames lash Terence.
Terence is heavily wounded.
Terence hits you with a +0 morningstar!
* * * LOW HITPOINT WARNING * * *
Unknown command.
Terence attacks as you move away! Terence closely misses you.
There is a stone staircase leading up here.
You closely miss Terence.
Terence is heavily wounded.
Terence hits you with a +0 morningstar.
You die...

▒...).▒.▒▒▒.▒▒▒▒▒▒▒<..
▒▒▒'▒▒▒.▒ ▒.........▒▒
▒...▒...▒ ▒..▒▒▒▒▒▒▒▒
▒.......▒▒▒..▒
▒▒▒.▒........▒▒
▒...........▒▒▒▒▒▒▒▒
▒▒....▒▒............
▒▒@..▒▒▒▒▒..▒▒▒▒▒▒.
▒Q.▒▒ ▒..▒▒▒ ▒.
▒▒▒▒▒▒.▒ ▒....▒▒▒▒.
▒...▒▒.▒▒▒ ▒▒........
▒...▒▒...▒ ▒▒.▒▒▒..▒
▒....▒▒▒.▒ ▒[▒.....
▒▒▒▒.▒ ▒.▒▒▒▒▒▒...▒▒▒▒
▒.▒▒▒........▒▒▒...
▒......▒▒▒▒▒.......
▒▒▒................


You could see Terence (combustible).

Vanquished Creatures
  Jessica (D:2)
  A worm (D:2)
  A dart slug (D:1)
  2 endoplasms (D:1)
  2 giant cockroaches (D:1)
  2 goblins (D:2)
  3 kobolds
  A quokka (D:1)
  6 ball pythons
  4 bats
  3 frilled lizards
  4 rats
30 creatures vanquished.

Vanquished Creatures (others)
  76 foxfires
76 creatures vanquished.

Grand Total: 106 creatures vanquished

Notes
Turn   | Place    | Note
-------+----------+-------------------------------------------
     0 | D:1      | shmup the Tengu Fire Elementalist began the quest for the
                  | Orb.
     0 | D:1      | Reached XP level 1. HP: 10/10 MP: 4/4
   417 | D:1      | Reached XP level 2. HP: 15/15 MP: 3/6
   431 | D:1      | Learned a level 2 spell: Scorch
  1073 | D:1      | Reached skill level 4 in Fire Magic
  1463 | D:2      | Reached XP level 3. HP: 19/19 MP: 0/7
  1794 | D:2      | Found a runed translucent door.
  1795 | D:2      | Noticed Crazy Yiuf
  1921 | D:2      | Found Syizegoe's Distillery.
  1929 | D:2      | Bought a potion of curing for 39 gold pieces
  1981 | D:2      | Noticed Jessica
  1993 | D:2      | Killed Jessica
  1994 | D:2      | Reached XP level 4. HP: 24/24 MP: 5/8
  2031 | D:2      | Noticed Terence
  2053 | D:2      | Slain by Terence

Illustrated notes

Levels and vault maps discovered:
D:1:      scummos_arrival_forest, layout_loops_corners
D:2:      layout_rooms, serial_shops, nicolae_shop_industrial_runoff,
          kennysheep_minor_cross, uniq_terence, uniq_crazy_yiuf_cottage,
          uniq_jessica

Skill      XL: |  1  2  3 |
---------------+----------+-----
Conjurations   | 2 3 |  3.0
Fire Magic     | 4 |  4.6
Dodging        | |  2.1
Stealth        | |  2.0
Spellcasting   | |  2.0

Action                     |  1- 3 |  4- 6 || total
---------------------------+-------+-------++-------
  Melee: Short sword       |     1 |     1 ||     2
   Cast: Foxfire           |    44 |     2 ||    46
         Scorch            |     4 |     4 ||     8
 Armour: Robe              |     3 |       ||     3
  Dodge: Dodged            |    11 |     2 ||    13
